 Dungeon Crawl Stone Soup version 0.25.0-9-g26727b657a (webtiles) character file.

Game seed: 4485220789656439303

21 Descartes the Grasshopper (level 2, 0/13 HPs)
             Began as a Felid Warper on June 20, 2020.
             Slain by a hobgoblin
             ... wielding a +0 club
              (6 damage)
             ... on level 1 of the Dungeon.
             The game lasted 00:01:45 (702 turns).

Descartes the Grasshopper (Felid Warper)             Turns: 702, Time: 00:01:46

Health: 0/13       AC:  1    Str:  7    XL:     2   Next: 62%
Magic:  6/6        EV: 18    Int: 14    God:
Gold:   12         SH:  0    Dex: 15    Spells: 5/5 levels left
                                        Lives:  0   Deaths: 0

rFire    . . .     SeeInvis +     - Unarmed
rCold    . . .     Gourm    .   (shield unavailable)
rNeg     . . .     Faith    .   (armour unavailable)
rPois    .         Spirit   .   (helmet unavailable)
rElec    .         Reflect  .   (cloak unavailable)
rCorr    .         Harm     .   (gloves unavailable)
MR       .....                  (boots unavailable)
Stlth    ++........             (no amulet)
HPRegen  0.04/turn              (no ring)
MPRegen  0.10/turn              (no ring)

@: quick
A: very small, no armour, no weapons or thrown items, stealth, claws 1, fangs 3,
see invisible, carnivore, speed 1, shaggy fur 1, slow metabolism 1, sharp paws
a: no special abilities


You were on level 1 of the Dungeon.
You were completely stuffed.

You visited 1 branch of the dungeon, and saw 1 of its levels.

You collected 12 gold pieces.

Inventory:

Missiles
 e - 5 stones
Scrolls
 b - a scroll of blinking
 d - a scroll of enchant weapon {unknown}
Potions
 a - a potion of degeneration {unknown}
Comestibles
 c - a ration


   Skills:
 - Level 2.0 Fighting
 + Level 3.5 Dodging
 * Level 2.1 Stealth
 * Level 2.5 Unarmed Combat
 - Level 2.0 Spellcasting
   Level 4.4 Translocations


You had 5 spell levels left.
You didn't know any spells.
Your spell library contained the following spells:

 Spells                   Type           Power        Failure   Level  Hunger
 Blink                    Tloc           N/A          6%          2    ###....
 Gell's Gravitas          Tloc           ##........   12%         3    ####...
 Lesser Beckoning         Tloc           ##........   12%         3    ####...
 Teleport Other           Tloc           ##......     12%         3    ####...
 Shroud of Golubria       Chrm/Tloc      #.....       14%         2    ###....
 Passage of Golubria      Tloc           N/A          36%         4    #####..


Dungeon Overview and Level Annotations

Branches:
Dungeon (1/15)

Altars:


Innate Abilities, Weirdness & Mutations

You cannot wear armour.
You are incapable of wielding weapons or throwing items.
Your paws allow you to move quietly. (Stealth)
You have sharp claws.
You have razor-sharp teeth.
You have supernaturally acute eyesight. (SInv)
You are carnivorous and can eat meat at any time.
You cover ground quickly.
You are covered in fur. (AC +1)
You have a slow metabolism.
Your sharp claws are effective at attacking unaware monsters.


Message History

You claw the kobold!
You kill the kobold!
Found a runed chain mail.
Things that are here:
4 stones; a kobold corpse A hobgoblin comes into view.
It is wielding a +0 club.
The hobgoblin shouts!
The goblin shouts!
The hobgoblin moves out of view.
The bat hits you.
You barely miss the bat. The bat closely misses you.
You miss the goblin. The goblin completely misses you.
The bat barely misses you.
You miss the bat. The bat hits you. The goblin closely misses you.
The hobgoblin hits you with a +0 club.
A hobgoblin comes into view. It is wielding a +0 club.
You are too injured to fight recklessly!
You are too injured to fight recklessly!
The bat barely misses you. The goblin barely misses you.
The hobgoblin hits you with a +0 club.
You die...

######## #.......
#.##.... ######
#.##.##.
#....##########.##.##รท
#..................##.
#................####.
##[..g###............#.
#.....@.(..............
#..!.g............#..#.
#.#+#..b.............#.
# ................#..#.
#...#.####.###.#..#..#
........ .............
##...#g# ##.###.#..#.
#...#.# .# . #.. #. #.#
.


You could see 2 hobgoblins, a goblin and a bat.

Vanquished Creatures
  An ooze (D:1)
  A ball python (D:1)
  A giant cockroach (D:1)
  3 hobgoblins (D:1)
  3 kobolds (D:1)
  3 bats (D:1)
  A frilled lizard (D:1)
  4 rats (D:1)
17 creatures vanquished.

Notes
Turn   | Place    | Note
-------+----------+-------------------------------------------
     0 | D:1      | Descartes the Felid Warper began the quest for the Orb.
     0 | D:1      | Reached XP level 1. HP: 9/9 MP: 4/4
   130 | D:1      | Reached skill level 1 in Stealth
   387 | D:1      | Reached XP level 2. HP: 9/13 MP: 6/6
   702 | D:1      | Slain by a hobgoblin

Illustrated notes

Levels and vault maps discovered:
D:1:      roderic_chinese_lattice_arrival, layout_basic

Skill      XL: |  1  2 |
---------------+-------+-----
Stealth        | 1 2 |  2.1
Fighting       | |  2.0
Dodging        | |  3.5
Unarmed Combat | |  2.5
Spellcasting   | |  2.0
Translocations | |  4.4

Action                   || total
-------------------------++-------
Melee: Unarmed           ||    60
       Bite              ||     2
 Stab: Sleeping          ||     4
  Eat: Chunk             ||     7
Armor: Skin              ||     8
Dodge: Dodged            ||    53
